Map: [ESL] Ancient Cistern

Players

Serral - Winner!

  • Race: Zerg Zerg

RagnaroK (SHIN)

  • Race: Zerg Zerg

Event: IEM Katowice 2023

VOD

Have the link to the VOD?

Description

Time

  • Played on: Feb. 12, 2023, 6:59 a.m.
  • Length: 2:44

All games in this series

Show
View Real Time Build Order
Export as new Build Order

Serral Zerg - Winner!

Build Orders: Hatch First 

Get SALT Encoding   

  12  0:00  Drone  
  13  0:12  Overlord  
  13  0:16  Drone  
  14  0:30  Drone x2  
  16  0:48  Hatchery  
  15  0:51  Drone  
  15  0:54  Drone  
  17  0:57  Drone  
  18  1:08  Extractor  
  17  1:12  Spawning Pool  
  17  1:15  Drone  
  17  1:20  Drone  
  18  1:27  Drone  
  19  1:40  Drone  
  20  1:53  Evolution Chamber  
  20  1:54  Evolution Chamber x2  
  18  1:59  Queen, Zergling x4  
  18  2:00  Zergling x2  
  27  2:11  Zergling x2  
Show
View Real Time Build Order
Export as new Build Order

RagnaroK Zerg 

Build Orders: Pool Only 

Get SALT Encoding   

  12  0:17  Spawning Pool  
  11  0:21  Drone  
  11  0:26  Drone  
  13  0:30  Drone  
  14  0:39  Overlord  
  14  1:04  Zergling x4  
  16  1:05  Zergling x2  
  17  1:17  Zergling x2  
  18  1:26  Zergling x2  
  19  1:37  Zergling x2  
  20  2:03  Spine Crawler  
  20  2:04  Spine Crawler  
  20  2:05  Spine Crawler  
  17  2:13  Zergling x2  

Tags
 
Add a new tag
Caveats
  • Supply blocks, unpowered buildings, or Contaminate may cause inaccurate times.
  • Supply counts are checked every 10 seconds.